 Dungeon Crawl Stone Soup version 0.29.1-2-gbd0b4ee654 (webtiles) character file.

Game seed: 14047113794659038741

45 leafyfresh the Sneak (level 3, -3/21 HPs)
             Began as an Octopode Earth Elementalist on Nov 7, 2022.
             Killed from afar by Natasha (10 damage)
             ... with a magic dart
             ... on level 2 of the Dungeon.
             The game lasted 00:01:54 (1669 turns).

leafyfresh the Sneak (Octopode Earth Elementalist)  Turns: 1669, Time: 00:01:54

Health: -3/21      AC:  1    Str:  7    XL:     3   Next: 64%
Magic:  6/6        EV: 13    Int: 19    God:
Gold:   95         SH:  0    Dex: 12    Spells: 5/6 levels left

rFire   . . .      SeeInvis .   b - +0 dagger
rCold   . . .      Faith    .   (no shield)
rNeg    . . .      Spirit   .   (helmet restricted)
rPois   .          Reflect  .   (no amulet)
rElec   .          Harm     .   (no ring)
rCorr   .          Rampage  .   (no ring)
Will    .....                   (no ring)
Stlth   ++++......              (no ring)
HPRegen 0.07/turn               (no ring)
MPRegen 0.10/turn               (no ring)
                                (no ring)
                                (no ring)

@: slowed, very slow
A: almost no armour, amphibious, 8 rings, camouflage 1, gelatinous body 1,
(nimble swimmer 1), tentacles
a: no special abilities


You were on level 2 of the Dungeon.
You visited 1 branch of the dungeon, and saw 2 of its levels.

You collected 95 gold pieces.

Inventory:

Hand Weapons
 b - a +0 dagger (weapon)
Missiles
 h - 6 poisoned darts
Scrolls
 d - 2 scrolls of magic mapping {unknown}
 e - a scroll of fear {unknown}
 k - a scroll of identify {unknown}
Potions
 a - 2 potions of magic
 c - a potion of flight {unknown}
 f - a potion of cancellation {unknown}
 g - 2 potions of berserk rage {unknown}
 i - a potion of mutation {unknown}
 j - a potion of lignification {unknown}


   Skills:
 - Level 2.0 Dodging
 + Level 4.3 Stealth
 - Level 2.0 Spellcasting
 - Level 1.0 Transmutations
 + Level 3.8 Earth Magic


You had 5 spell levels left.
You knew the following spells:

 Your Spells              Type           Power      Damage    Failure   Level
a - Sandblast             Erth           32%        2d9       3%          1

Your spell library contained the following spells:

 Spells                   Type           Power      Damage    Failure   Level
 Passwall                 Tmut/Erth      9%         N/A       10%         2
 Stone Arrow              Conj/Erth      18%        3d8       22%         3
 Petrify                  Tmut/Erth      11%        N/A       52%         4


Dungeon Overview and Level Annotations

Branches:
Dungeon (2/15)

Altars:

Annotations:
D:2 Natasha


Innate Abilities, Weirdness & Mutations

You cannot wear most types of armour.
You are amphibious.
You can wear up to eight rings at the same time.
Your skin changes colour to match your surroundings (Stealth+).
Your rubbery body absorbs attacks. (AC +1, EV +1)
((You are camouflaged when in or above water. (Stealth+)))
You have tentacles for arms and can constrict up to eight enemies at once.


Message History

Casting: Sandblast (safe; 3% risk of failure)
Confirm with . or Enter, or press ? or * to list all spells.
Aiming: Sandblast (safe; 3% risk of failure)
Press: ? - help, Shift-Dir - straight line, f - endoplasm
Aim: an endoplasm (98% to hit)
The blast of sand hits the endoplasm!
You kill the endoplasm!
Casting: Sandblast (safe; 3% risk of failure)
Confirm with . or Enter, or press ? or * to list all spells.
You don't know that spell.
You open the large door.
There is a large open door here.
There is a large open door here.
You open the door.
There is an open door here.
A frilled lizard comes into view.
Natasha, Servant of Life and Death comes into view.
Found a scroll labelled QUVUME ZIHALU and 2 gold pieces.
There are monsters nearby!
A bat comes into view.
Found 23 gold pieces and a club.
The frilled lizard hisses angrily.
Natasha hisses angrily.
Casting: Sandblast (safe; 3% risk of failure)
Confirm with . or Enter, or press ? or * to list all spells.
Aiming: Sandblast (safe; 3% risk of failure)
Press: ? - help, Shift-Dir - straight line, f - frilled lizard
Aim: a frilled lizard (70% to hit)
Okay, then.
Unknown command.
Natasha attacks as you move away! Natasha misses you.
Natasha attacks as you move away! Natasha claws you.
Natasha casts a spell at you. The magic dart hits you.
Natasha casts a spell at you. The magic dart hits you.
Natasha stares at you and mumbles some strange words.
You feel yourself slow down. Natasha casts a spell at you.
The magic dart hits you!
You die...

#.......# #.....# #
#.......######....#####
#.....>....†..........+
######'################
###'###### # #........#
# #........# ###
#........# #..
###@###### #.. #.#
..).b.. ##.. #.#
....... #... #h#
....... #... #l#
.....$. #...
#.##....... #...
#..#....... #...
##.#.$..... #...
#..l...... #...


You could see Natasha and a frilled lizard.

Vanquished Creatures
  An adder (D:2)
  A worm (D:2)
  An orc (D:2)
  3 ball pythons
  2 endoplasms (D:2)
  2 giant cockroaches
  3 goblins (D:1)
  A hobgoblin (D:1)
  2 jackals (D:2)
  5 quokkas
  A bat (D:1)
  3 frilled lizards
  2 kobolds
  3 rats (D:1)
30 creatures vanquished.

Notes
Turn   | Place    | Note
-------+----------+-------------------------------------------
     0 | D:1      | leafyfresh the Octopode Earth Elementalist began the quest
                  | for the Orb.
     0 | D:1      | Reached XP level 1. HP: 11/11 MP: 3/3
   117 | D:1      | Reached skill level 3 in Stealth
   212 | D:1      | Reached XP level 2. HP: 17/17 MP: 5/5
   718 | D:1      | Found a faded altar of an unknown god.
  1359 | D:2      | Reached XP level 3. HP: 21/21 MP: 4/6
  1385 | D:2      | Reached skill level 4 in Stealth
  1659 | D:2      | Noticed Natasha
  1669 | D:2      | Killed from afar by Natasha

Illustrated notes

Levels and vault maps discovered:
D:1:      evilmike_arrival_crescent, layout_loops_cross,
          hellmonk_ecumenical_altar_zigzags, kennysheep_nondescript
D:2:      cheibrodos_pilgrimage, layout_basic, uniq_natasha

Skill      XL: |  1  2  3 |
---------------+----------+-----
Stealth        | 3 4 |  4.3
Dodging        | |  2.0
Spellcasting   | |  2.0
Transmutations | |  1.0
Earth Magic    | |  3.8

Action                   || total
-------------------------++-------
Melee: Dagger            ||    26
       Constrict         ||     5
       Tentacles         ||     3
 Cast: Sandblast         ||    25
 Stab: Sleeping          ||     8
Armor: Skin              ||     2
Dodge: Dodged            ||    21
